 Dungeon Crawl Stone Soup version 0.17-a0-1798-g879a7aa (webtiles) character file.

25 4thArraOfDagon the Poker (level 3, 0/23 HPs)
             Began as an Octopode Berserker on Sept 10, 2015.
             Was a Follower of Trog.
             Succumbed to an adder's poison
             ... on level 3 of the Dungeon.
             The game lasted 00:01:01 (240 turns).

4thArraOfDagon the Poker (Octopode Berserker)        Turns: 240, Time: 00:01:01

Health: 0/23       AC:  1    Str: 17    XL:     3   Next: 4%
Magic:  3/3        EV: 13    Int:  9    God:    Trog [*.....]
Gold:   28         SH:  0    Dex: 11    Spells: 0 memorised, 2 levels left

rFire  . . .     SeeInvis .     a - +0 spear
rCold  + . .     Clarity  .     (no shield)
rNeg   . . .     SustAt   .     (helmet restricted)
rPois  .         Gourm    .     (no amulet)
rElec  .         Spirit   .     d - ring of flight
rCorr  .         Warding  .     (no ring)
rMut   .         Stasis   .     (no ring)
MR     .....                    (no ring)
Stlth  ++........               (no ring)
                                (no ring)
                                (no ring)
                                (no ring)

@: lethally poisoned (0 -> -9), not resistant to hostile enchantments,
unstealthy
A: almost no armour, amphibious, 8 rings, constrict 8, camouflage 1, cold
resistance 1, frail 1, gelatinous body 1, MP-powered wands
a: Burn Spellbooks, Berserk, Renounce Religion, Evoke Flight


You were on level 3 of the Dungeon.
You worshipped Trog.
Trog was aware of your devotion.
You were not hungry.

You visited 1 branch of the dungeon, and saw 3 of its levels.

You collected 28 gold pieces.

Inventory:

Hand weapons
 a - a +0 spear (weapon)
Armour
 g - a +0 shield
Jewellery
 d - a ring of flight (left tentacle)
Scrolls
 e - a scroll of enchant weapon {unknown}
Potions
 f - a potion of curing {unknown}
Comestibles
 b - a bread ration
 c - a beef jerky


   Skills:
 + Level 3.2 Fighting
 * Level 3.6 Polearms
 + Level 3.2 Dodging


You had 2 spell levels left.
You didn't know any spells.

Dungeon Overview and Level Annotations

Branches:
Dungeon (3/15)

Altars:


Innate Abilities, Weirdness & Mutations

You cannot wear most types of armour.
You are amphibious.
You can wear up to eight rings at the same time.
You can use your tentacles to constrict eight enemies at once.
Your skin changes colour to match your surroundings (Stealth).
Your rubbery body absorbs attacks (AC +1).
Your flesh is cold resistant.
You are frail (-10% HP).
You expend magic power (3 MP) to strengthen your wands.


Message History

The adder poisons you! The adder bites you.
* * * LOW HITPOINT WARNING * * *
Unknown command.
You hit the adder.
The adder is severely wounded.
You constrict the adder.
* * * LOW HITPOINT WARNING * * *
You feel sick. The adder bites you.
* * * LOW HITPOINT WARNING * * *
You are more poisoned.
The adder poisons you!
Unknown command.
You hit the adder.
You kill the adder!
Trog accepts your kill.
You have reached level 3!
Your experience leads to an increase in your attributes!
Increase (S)trength, (I)ntelligence, or (D)exterity?
You feel stronger.
You die...

#........... ..
#...8.....# ....
##8...8...#
....?#.........#
.....#........#
.?.#.#.......## #
..............#.#
..#.#†.w.......#
.#.@......##.#
#.....)..# #
##8...8..# w#
#...8....##.#
#...........#
#............
#.#.......#### #
#.#.#......# #
#.#.#.#.....## #


You could see a worm.

Vanquished Creatures
  2 adders
  A giant gecko (D:2)
  A giant cockroach (D:1)
  A hobgoblin (D:3)
  2 kobolds (D:2)
  A rat (D:2)
8 creatures vanquished.

Notes
Turn   | Place    | Note
--------------------------------------------------------------
     0 | D:1      | 4thArraOfDagon the Octopode Berserker began the quest for the Orb.
     0 | D:1      | Reached XP level 1. HP: 16/16 MP: 1/1
   148 | D:2      | Reached XP level 2. HP: 17/21 MP: 2/2
   153 | D:2      | Gained mutation: You are frail (-10% HP). [potion of mutation]
   153 | D:2      | Gained mutation: You expend magic power (3 MP) to strengthen your wands. [potion of mutation]
   153 | D:2      | Gained mutation: Your flesh is cold resistant. [potion of mutation]
   240 | D:3      | Reached XP level 3. HP: 1/23 MP: 3/3
   240 | D:3      | Succumbed to an adder's poison

Vault maps used:
D:1:      lightli_arrival_quake
D:2:      first_bread, uniq_jessica, uniq_natasha
D:3:      wad_pebble_path

Action                   || total
-------------------------++-------
Melee: Spear             ||    19
  Use: Potion            ||     1
 Stab: Sleeping          ||     1
